 Dungeon Crawl Stone Soup version 0.27-a0-198-g1307ea1511 (webtiles) character file.

Game seed: 18196758602151472256

879 mirakurutaimu the Chopper (level 7, -2/64 HPs)
             Began as a Minotaur Berserker on Jan 29, 2021.
             Slain by a polar bear (10 damage)
             ... created by the rage of Trog
             ... on level 5 of the Dungeon.
             The game lasted 00:20:03 (3992 turns).

mirakurutaimu the Chopper (Minotaur Berserker)      Turns: 3992, Time: 00:20:04

Health: -2/64      AC:  9    Str: 21 (24) XL:     7   Next: 75%
Magic:  8/8        EV: 12    Int:  3 (4)  God:
Gold:   255        SH:  0    Dex:  6 (9)  Spells: 7/7 levels left

rFire    + . .     SeeInvis .   u - +4 war axe (venom)
rCold    . . .     Faith    .   (no shield)
rNeg     + . .     Spirit   .   n - +3 leather armour {rF+}
rPois    .         Reflect  .   (helmet restricted)
rElec    .         Harm     .   (no cloak)
rCorr    .         Rampage  .   (no gloves)
Will     .....                  i - +2 pair of boots
Stlth    +.........             (no amulet)
HPRegen  0.20/turn              z - ring of positive energy
MPRegen  0.11/turn              (no ring)

@: berserk cooldown, slowed, very slow
A: retaliatory headbutt, horns 2
a: no special abilities


You were on level 5 of the Dungeon.
You visited 1 branch of the dungeon, and saw 5 of its levels.

You collected 255 gold pieces.

Inventory:

Hand Weapons
 a - a +0 hand axe
 d - a +0 hand axe
 u - a +4 war axe of venom (weapon)
Armour
 b - a +0 animal skin
 f - a +0 ring mail
 i - a +2 pair of boots (worn)
 n - a +3 leather armour of fire resistance (worn)
Jewellery
 z - a ring of positive energy (left hand)
Wands
 y - a wand of acid (13)
 B - a wand of iceblast (4)
Scrolls
 c - 5 scrolls of remove curse
 l - a scroll of random uselessness {unknown}
 m - 3 scrolls of teleportation
 o - a scroll of enchant weapon
 v - a scroll of identify
Potions
 j - 2 potions of flight
 q - a potion of lignification
 s - a potion of experience


   Skills:
 + Level 6.3 Fighting
 + Level 1.7(2.1) Short Blades
 + Level 1.6(2.1) Long Blades
 + Level 7.3(7.6) Axes
 + Level 2.1(5.3) Maces & Flails
 + Level 1.6(5.1) Polearms
 + Level 1.6(2.5) Staves
 + Level 2.8(3.0) Slings
 + Level 1.4 Bows
 + Level 1.4 Crossbows
 + Level 1.3(2.1) Throwing
 + Level 5.1 Armour
 + Level 5.5 Dodging
 + Level 1.7 Stealth
 + Level 1.6 Shields
 + Level 1.4 Unarmed Combat
 + Level 0.8 Spellcasting
 + Level 0.9 Conjurations
 + Level 0.8 Hexes
 + Level 0.9 Summonings
 + Level 0.9 Necromancy
 + Level 3.3 Translocations
 + Level 1.0 Transmutations
 + Level 0.9 Fire Magic
 + Level 0.9 Ice Magic
 + Level 0.9 Air Magic
 + Level 1.0 Earth Magic
 + Level 1.5 Poison Magic
 + Level 2.8 Invocations
 + Level 1.1 Evocations


You had 7 spell levels left.
You didn't know any spells.
Your spell library was empty.

Dungeon Overview and Level Annotations

Branches:
Dungeon (5/15)             Temple (0/1) D:4

Altars:
Xom

Shops:
D:4 [

Annotations:
D:5 Eustachio


Innate Abilities, Weirdness & Mutations

You reflexively headbutt those who attack you in melee.
You have a pair of horns on your head.


Message History

Eustachio is moderately wounded.
You completely miss the polar bear. x2; You slash the polar bear!
You hit the polar bear. x2; You slash the black bear!
The black bear looks as sick as possible!
You feel less wooden.
Your +2 pair of boots unmelds from your body.
Your +3 leather armour of fire resistance unmelds from your body.
You feel resistant to fire.
The black bear bites you but does no damage.
The black bear barely misses you. The black bear claws you.
The polar bear bites you!!
* * * LOW HITPOINT WARNING * * *
The polar bear claws you.
* * * LOW HITPOINT WARNING * * *
The polar bear claws you but does no damage.
The polar bear bites you but does no damage.
The polar bear misses you. The polar bear claws you.
* * * LOW HITPOINT WARNING * * *
The polar bear bites you!
You die...

######
#....######+#.
#....#..).....
#....#........
#.#####hhhh#........
#........@@†......#
........hhh######.#
######.........#
#....#.#.####.#
#######.##)#.#.#
........##.#.#.#
##########.#.#.#
#.#.#.# #.#.#.#


You could see 5 polar bears, Eustachio (poisoned) and 2 black bears.

Vanquished Creatures
  A centaur (D:4)
  2 howler monkeys
  An orc priest (D:4)
  3 hounds
  A worker ant (D:4)
  5 adders
  A white imp (D:5)
  An ooze (D:2)
  3 worms (D:2)
  An adder skeleton (D:5)
  2 adder zombies
  2 dart slugs (D:1)
  2 leopard geckos
  8 orcs
  3 ball pythons
  9 bats
  6 giant cockroaches
  6 goblins
  7 hobgoblins
  11 frilled lizards
  5 kobolds
  A quokka skeleton (D:5)
  7 rats
88 creatures vanquished.

Notes
Turn   | Place    | Note
-------+----------+-------------------------------------------
     0 | D:1      | mirakurutaimu the Minotaur Berserker began the quest for
                  | the Orb.
     0 | D:1      | Reached XP level 1. HP: 19/19 MP: 0/0
   265 | D:1      | Reached XP level 2. HP: 23/27 MP: 1/1
   308 | D:1      | Reached skill level 4 in Axes
   801 | D:2      | Reached XP level 3. HP: 22/34 MP: 2/2
   846 | D:2      | Reached ** piety under Trog
  1175 | D:2      | Reached XP level 4. HP: 41/41 MP: 3/3
  1809 | D:2      | Found a shimmering altar of Xom.
  2801 | D:3      | Reached skill level 5 in Axes
  2975 | D:3      | Reached XP level 5. HP: 46/47 MP: 4/4
  2983 | D:4      | Reached skill level 5 in Fighting
  3100 | D:4      | Noticed a centaur
  3105 | D:4      | Found a staircase to the Ecumenical Temple.
  3118 | D:4      | Killed a centaur
  3119 | D:4      | Reached skill level 6 in Axes
  3119 | D:4      | Reached XP level 6. HP: 35/56 MP: 5/5
  3373 | D:4      | Found Gickell's Antique Armour Emporium.
  3633 | D:5      | Entered Level 5 of the Dungeon
  3881 | D:5      | Reached *** piety under Trog
  3942 | D:5      | Reached skill level 1 in Stealth
  3953 | D:5      | Fell from the grace of Trog
  3953 | D:5      | Reached skill level 1 in Short Blades
  3953 | D:5      | Reached skill level 1 in Long Blades
  3953 | D:5      | Reached skill level 7 in Axes
  3953 | D:5      | Reached skill level 1 in Polearms
  3953 | D:5      | Reached skill level 1 in Staves
  3953 | D:5      | Reached skill level 1 in Bows
  3953 | D:5      | Reached skill level 1 in Crossbows
  3953 | D:5      | Reached skill level 1 in Throwing
  3953 | D:5      | Reached skill level 5 in Armour
  3953 | D:5      | Reached skill level 5 in Dodging
  3953 | D:5      | Reached skill level 1 in Shields
  3953 | D:5      | Reached skill level 1 in Unarmed Combat
  3953 | D:5      | Reached skill level 1 in Transmutations
  3953 | D:5      | Reached skill level 1 in Earth Magic
  3953 | D:5      | Reached skill level 1 in Poison Magic
  3953 | D:5      | Reached skill level 1 in Evocations
  3953 | D:5      | Reached XP level 7. HP: 64/64 MP: 5/8
  3972 | D:5      | Noticed Eustachio
  3990 | D:5      | Noticed a polar bear
  3990 | D:5      | Noticed a polar bear
  3990 | D:5      | Noticed a polar bear
  3990 | D:5      | Noticed a polar bear
  3990 | D:5      | Noticed a polar bear
  3992 | D:5      | Slain by a polar bear

Illustrated notes

Levels and vault maps discovered:
D:1:      saegor_arrival_simple_e, layout_loops_ring
D:2:      layout_loops_ring, tgw_xom
D:3:      layout_basic
D:4:      layout_rooms, minmay_temple_entry_proselytizer, serial_shops, shop
D:5:      layout_basic, uniq_eustachio

Skill      XL: |  1  2  3  4  5  6 |
---------------+-------------------+-----
Fighting       | 4 5 6 |  6.3
Axes           | 4 5 6 7 |  7.3
Armour         | 3 5 |  5.1
Dodging        | 3 5 |  5.5
Stealth        | 1 |  1.7
Short Blades   | 1 |  1.7
Long Blades    | 1 |  1.6
Maces & Flails | 2 |  2.1
Polearms       | 1 |  1.6
Staves         | 1 |  1.6
Slings         | 2 |  2.8
Bows           | 1 |  1.4
Crossbows      | 1 |  1.4
Throwing       | 1 |  1.3
Shields        | 1 |  1.6
Unarmed Combat | 1 |  1.4
Translocations | 3 |  3.3
Transmutations | 1 |  1.0
Earth Magic    | 1 |  1.0
Poison Magic   | 1 |  1.5
Invocations    | 2 |  2.8
Evocations     | 1 |  1.1
Spellcasting   | |  0.8
Conjurations   | |  0.9
Hexes          | |  0.8
Summonings     | |  0.9
Necromancy     | |  0.9
Fire Magic     | |  0.9
Ice Magic      | |  0.9
Air Magic      | |  0.9

Action                   |  1- 3 |  4- 6 |  7- 9 || total
-------------------------+-------+-------+-------++-------
Melee: Hand axe          |    62 |    64 |       ||   126
       Headbutt          |    13 |    12 |       ||    25
       War axe           |       |    41 |     9 ||    50
Invok: Berserk           |       |     2 |       ||     2
       Trog's Hand       |       |     1 |       ||     1
  Use: Potion            |       |     7 |     1 ||     8
       Scroll            |       |    13 |       ||    13
Armor: Animal skin       |     8 |       |       ||     8
       Ring mail         |    22 |     9 |       ||    31
       Leather armour    |       |    41 |     3 ||    44
       Skin              |       |       |    29 ||    29
Dodge: Dodged            |    35 |    74 |     6 ||   115

Table legend: (Time is in decaauts)
 A = Elapsed time spent in this place.
 B = Non-inter-level travel time spent in this place.
 C = Inter-level travel time spent in this place.
 D = Time resting spent in this place.
 E = Time spent auto-exploring this place.
 F = Levels seen in this place.
 G = Mean time per level.
                   A        B        C        D        E       F      G
               +--------+--------+--------+--------+--------+-----+--------+
         Total |   4045 |   4045 |      0 |   1059 |   1732 |   5 |  809.0 |
       Dungeon |   4045 |   4045 |      0 |   1059 |   1732 |   5 |  809.0 |
               +--------+--------+--------+--------+--------+-----+--------+

Top non-repeatable levels by time:
     D:2: 1440 daAuts
     D:3: 814 daAuts
     D:1: 765 daAuts
     D:4: 660 daAuts
     D:5: 365 daAuts
